 Seeded DCSS version 0.30-a0-591-g3c58d2bc28 (webtiles) character file.

Game seed: 13662384745932578237 (custom seed)

23576 purpskrrrp the Skirmisher (level 12, -10/101 HPs)
             Began as a Demigod Hunter on Jan 6, 2023.
             Engulfed by a cloud of flame (39 damage)
             ... on level 13 of the Dungeon.
             The game lasted 00:30:53 (12086 turns).

purpskrrrp the Skirmisher (Demigod Hunter)         Turns: 12086, Time: 00:30:54

Health: -10/101    AC:  9    Str: 15    XL:     12   Next: 39%
Magic:  25/25      EV: 23    Int: 18    God:
Gold:   309        SH:  0    Dex: 36    Spells: 21/24 levels left

rFire   . . .      SeeInvis .    K - +10 triple crossbow of Dissent {flame, rCorr Int-5 Dex+3}
rCold   . . .      Faith    .    (shield currently unavailable)
rNeg    . . .      Spirit   .    G - +0 steam dragon scales
rPois   .          Reflect  .    L - +2 hat of Wiat {Will+ Str+3}
rElec   .          Harm     .    (no cloak)
rCorr   +          Rampage  .    U - +0 pair of gloves {infuse}
Will    ++...                    l - +0 pair of boots
Stlth   +++++                    y - amulet of the acrobat
HPRegen 1.16/turn                t - +6 ring of intelligence
MPRegen 0.19/turn                x - +6 ring of intelligence

@: no status effects
A: high MP 1, forlorn, divine attributes, regeneration 1, sturdy frame 1
a: no special abilities


You were on level 13 of the Dungeon.
You visited 1 branch of the dungeon, and saw 13 of its levels.

You collected 779 gold pieces.
You spent 470 gold pieces at shops.

Inventory:

Hand Weapons
 a - a +1 shortbow
 K - the +10 triple crossbow of Dissent (weapon) {flame, rCorr Int-5 Dex+3}
   (You bought it in a shop on level 1 of the Dungeon)

   Int:       It affects your intelligence (-5).
   Dex:       It affects your dexterity (+3).
   rCorr:     It protects you from acid and corrosion.
 P - a +4 broad axe
Missiles
 C - 7 throwing nets
Armour
 c - a +0 leather armour
 h - a +1 helmet
 l - a +0 pair of boots (worn)
 G - +0 steam dragon scales (worn)
 L - the +2 hat of Wiat (worn) {Will+ Str+3}
   (You acquired it on level 1 of the Dungeon)

   Str:       It affects your strength (+3).
   Will:      It increases your willpower.
 N - a +0 pair of gloves
 U - a +0 pair of gloves of infusion (worn)
Magical Staves
 R - a staff of air
Jewellery
 o - a ring of willpower
 p - a ring of ice
 t - a +6 ring of intelligence (left hand)
 x - a +6 ring of intelligence (right hand)
 y - an amulet of the acrobat (around neck)
 F - a ring of flight
 H - a ring of fire
 S - a +4 ring of protection
Wands
 s - a wand of digging (5)
 D - a wand of roots (22)
 E - a wand of flame (27)
 Q - a wand of paralysis (2)
Scrolls
 b - a scroll of fear
 g - 8 scrolls of teleportation
 i - 3 scrolls of fog
 k - 2 scrolls of magic mapping
 w - 2 scrolls of amnesia
 B - 2 scrolls of blinking
 M - a scroll of enchant armour
Potions
 d - 2 potions of curing
 e - 3 potions of resistance
 f - 2 potions of flight
 j - 3 potions of heal wounds
 m - 3 potions of attraction
 n - a potion of invisibility {unknown}
 q - 2 potions of magic
 r - 2 potions of ambrosia {unknown}
 u - 4 potions of cancellation
 z - 3 potions of might
 A - a potion of haste
 I - a potion of lignification {unknown}
 J - 3 potions of brilliance


   Skills:
 + Level 8.0 Fighting
 * Level 11.3 Ranged Weapons
 + Level 8.1 Dodging
 + Level 8.7 Stealth
 + Level 6.5 Spellcasting
 + Level 7.1 Summonings


You had 21 spell levels left.
You knew the following spells:

 Your Spells              Type           Power      Damage    Failure   Level
a - Call Canine Familiar  Summ           31%        N/A       1%          3

Your spell library contained the following spells:

 Spells                   Type           Power      Damage    Failure   Level
 Summon Small Mammal      Summ           100%       N/A       1%          1
 Summon Guardian Golem    Hex/Summ       18%        N/A       8%          3
 Apportation              Tloc           10%        N/A       12%         1
 Sandblast                Erth           10%        2d5       12%         1
 Shock                    Conj/Air       20%        1d4       12%         1
 Blink                    Tloc           10%        N/A       17%         2
 Momentum Strike          Conj/Tloc      10%        3d8       17%         2
 Passwall                 Tmut/Erth      4%         N/A       17%         2
 Summon Lightning Spire   Summ/Air       18%        N/A       26%         4
 Lesser Beckoning         Tloc           10%        N/A       34%         3
 Ozocubu's Armour         Ice            5%         N/A       34%         3
 Stone Arrow              Conj/Erth      10%        3d7       34%         3
 Swiftness                Air            5%         N/A       34%         3
 Airstrike                Air            2%         2d(1-17)  75%         4
 Manifold Assault         Tloc           5%         N/A       75%         4
 Alistair's Intoxication  Tmut/Pois      3%         N/A       97%         5
 Lightning Bolt           Conj/Air       2%         1d14      97%         5
 Ozocubu's Refrigeration  Ice            2%         4d8       100%        7
 Storm Form               Tmut/Air       2%         N/A       100%        7


Dungeon Overview and Level Annotations

Branches:
Dungeon (13/15)            Temple (0/1) D:7            Lair (0/5) D:9
    Orc (0/2) D:11         Vaults (0/5) D:13

Shops:
D:1 :*   D:6 *   D:9 :   D:12 *


Innate Abilities, Weirdness & Mutations

You have an increased reservoir of magic. (+10% MP)
You shall have no god before yourself.
Your divine heritage dramatically boosts your attributes as you level up.
Your natural rate of healing is unusually fast.
Your movements are slightly less encumbered by armour. (ER -2)


Message History

Flame seeps out of the vault guard.
The bolt burns the vault guard.
Flame seeps out of the vault guard.
The vault guard is moderately wounded.
The vault guard is engulfed in blazing flames.
Flame seeps out of the vault guard.
The vault guard is engulfed in blazing flames.
Flame seeps out of the vault guard.
The vault guard is engulfed in blazing flames.
Flame seeps out of the vault guard.
The vault guard misses you.
The vault guard is engulfed in blazing flames.
Flame seeps out of the vault guard.
You shoot a bolt.
The bolt closely misses the vault guard.
The vault guard is engulfed in blazing flames.
Flame seeps out of the vault guard.
The vault guard hits you from afar with a +0 bardiche!!
The vault guard is engulfed in blazing flames.
Flame seeps out of the vault guard.
You shoot a bolt. The bolt hits the vault guard!
Flame seeps out of the vault guard.
The bolt burns the vault guard.
Flame seeps out of the vault guard.
The vault guard is almost dead.
The vault guard is engulfed in blazing flames.
The vault guard explodes!
The fiery explosion engulfs the vault guard!!
Flame seeps out of the vault guard.
The vault guard is heavily wounded.
The vault guard is engulfed in blazing flames.
Flame seeps out of the vault guard.
A vault guard comes into view. It is wielding a +0 battleaxe.
The vault guard is engulfed in blazing flames.
Flame seeps out of the vault guard.
The vault guard shouts!
You shoot a bolt. The bolt hits the vault guard!!
The bolt burns the vault guard!
The vault guard explodes!
The fiery explosion engulfs you!!!
* * * LOW HITPOINT WARNING * * *
You are engulfed in blazing flames.
You die...

#.### #..#........
#. ##...#.......
#. #......####.#
#. ##......# ##[.
#. #......## #...
##. #.......# #...
#..°#####
##......# ##..
..p☼§°§§# #.....##
#.. #@# ##.....#
### #.###.....##
#.#.......#
#.....#..##
#....##..#
#........##
........#...).###
#####....##.....##
##
#######......####.


You could see a vault guard.

Vanquished Creatures
  Erolcha (D:12)
  Harold (D:9)
  2 centaur warriors (D:13)
  6 vault guards (D:13)
  A death knight (D:13)
  5 two-headed ogres
  A tengu warrior (D:10)
  A skeletal warrior (D:13)
  Amaemon (D:10)
  A phantasmal warrior (D:13)
  A manticore (D:12)
  2 ugly things (D:12)
  A cyclops (D:12)
  An orange demon (D:10)
  An unseen horror (D:12)
  2 komodo dragons
  2 kobold demonologists
  A freezing wraith (D:13)
  3 trolls
  12 yaks
  Sigmund (D:2)
  A wyvern (D:9)
  2 wraiths
  2 shadows
  Eustachio (D:5)
  2 vampires (D:12)
  7 vampire mosquitoes
  2 steam dragons
  Menkaure (D:5)
  3 acid dragons
  3 water moccasins
  An ice beast (D:6)
  4 orc warriors
  An ogre (D:4)
  2 phantoms
  3 centaurs
  Blork the orc (D:4)
  A kobold brigand (D:8)
  2 bullfrogs
  A gnoll sergeant (D:9)
  2 necrophages
  A scorpion (D:5)
  5 wights (D:8)
  15 killer bees
  3 howler monkeys
  6 hounds
  Crazy Yiuf (D:6)
  5 orc priests
  Ijyb (D:3)
  Jessica (D:3)
  3 iguanas
  12 orc wizards
  12 gnolls
  5 adders
  A shadow imp (D:6)
  An ufetubus (D:6)
  5 dart slugs
  3 worms
  24 orcs
  10 ball pythons
  9 endoplasms
  A giant cockroach (D:1)
  6 goblins
  6 hobgoblins
  9 jackals
  3 quokkas
  8 bats
  2 frilled lizards (D:1)
  20 kobolds
  6 rats
273 creatures vanquished.

Vanquished Creatures (collateral kills)
  A centaur (D:7)
  A kobold brigand (D:7)
2 creatures vanquished.

Vanquished Creatures (others)
  A fungus (D:9)
  5 plants
6 creatures vanquished.

Grand Total: 281 creatures vanquished

Notes
Turn   | Place    | Note
-------+----------+-------------------------------------------
     0 | D:1      | purpskrrrp the Demigod Hunter began the quest for the Orb.
     0 | D:1      | Reached XP level 1. HP: 17/17 MP: 3/3
    11 | D:1      | Reached skill level 1 in Stealth
   214 | D:1      | Reached XP level 2. HP: 24/24 MP: 4/4
   426 | D:1      | Found Muaginir's Assorted Antiques.
   509 | D:1      | Found Hunin's Book Boutique.
   901 | D:2      | Noticed Sigmund
   905 | D:2      | Killed Sigmund
   906 | D:2      | Reached skill level 4 in Ranged Weapons
   906 | D:2      | Reached XP level 3. HP: 15/30 MP: 5/5
   906 | D:2      | Reached XP level 4. HP: 19/37 MP: 6/6
   906 | D:2      | Reached XP level 5. HP: 22/44 MP: 7/7
  2199 | D:3      | Noticed Ijyb
  2200 | D:3      | Paralysed by Ijyb for 4 turns
  2208 | D:3      | Paralysed by Ijyb for 5 turns
  2227 | D:3      | Killed Ijyb
  2366 | D:3      | Noticed Jessica
  2367 | D:3      | Killed Jessica
  2377 | D:3      | Reached XP level 6. HP: 40/51 MP: 8/8
  3030 | D:2      | Gained mutation: Your movements are slightly less
                  | encumbered by armour. (ER -2) [potion of mutation]
  3030 | D:2      | Gained mutation: Your natural rate of healing is unusually
                  | fast. [potion of mutation]
  3103 | D:4      | Learned a level 3 spell: Call Canine Familiar
  3167 | D:4      | Reached skill level 5 in Ranged Weapons
  3181 | D:4      | Reached XP level 7. HP: 53/58 MP: 10/10
  3194 | D:4      | Noticed an Executioner
  3343 | D:4      | Reached skill level 1 in Summonings
  3546 | D:4      | Reached skill level 1 in Spellcasting
  3641 | D:4      | Noticed Blork the orc
  3651 | D:4      | Killed Blork the orc
  3804 | D:5      | Entered Level 5 of the Dungeon
  4102 | D:5      | Noticed Eustachio
  4204 | D:5      | Killed Eustachio
  4282 | D:5      | Noticed Menkaure
  4286 | D:5      | Killed Menkaure
  4287 | D:5      | Reached skill level 6 in Ranged Weapons
  4287 | D:5      | Reached XP level 8. HP: 67/67 MP: 14/14
  5051 | D:6      | Found Safunou's General Store.
  5364 | D:6      | Found a runed translucent door.
  5365 | D:6      | Noticed Crazy Yiuf
  5655 | D:6      | Killed Crazy Yiuf
  6094 | D:7      | Reached skill level 5 in Stealth
  6282 | D:1      | Bought a twisted triple crossbow for 300 gold pieces
  6282 | D:1      | Identified the +10 triple crossbow of Dissent {flame, rCorr
                  | Int-5 Dex+3} (You bought it in a shop on level 1 of the
                  | Dungeon)
  6515 | D:7      | Found a staircase to the Ecumenical Temple.
  6679 | D:7      | Reached skill level 5 in Fighting
  6681 | D:7      | Reached XP level 9. HP: 61/74 MP: 16/16
  6682 | D:7      | Reached skill level 7 in Ranged Weapons
  6682 | D:7      | Reached skill level 5 in Dodging
  7287 | D:8      | Noticed a two-headed ogre
  7291 | D:8      | Killed a two-headed ogre
  7291 | D:8      | Noticed a two-headed ogre
  7294 | D:8      | Killed a two-headed ogre
  7480 | D:8      | Reached skill level 8 in Ranged Weapons
  7750 | D:9      | Noticed a two-headed ogre
  7766 | D:8      | Killed a two-headed ogre
  7767 | D:8      | Reached XP level 10. HP: 53/83 MP: 19/19
  7841 | D:9      | Found a staircase to the Lair.
  8039 | D:9      | Found Ced Xel's Book Shop.
  8167 | D:9      | Noticed Harold
  8174 | D:9      | Killed Harold
  8190 | D:9      | Reached skill level 5 in Summonings
  8420 | D:10     | Entered Level 10 of the Dungeon
  8422 | D:10     | Noticed Amaemon
  8425 | D:10     | Killed Amaemon
  8426 | D:10     | Reached skill level 9 in Ranged Weapons
  8561 | D:10     | Noticed a tengu warrior
  8564 | D:10     | Killed a tengu warrior
  8829 | D:10     | Reached XP level 11. HP: 91/91 MP: 22/22
  8835 | D:10     | Reached skill level 5 in Spellcasting
  8857 | D:10     | Noticed a two-headed ogre
  8859 | D:10     | Killed a two-headed ogre
  9540 | D:11     | Found a staircase to the Orcish Mines.
  9766 | D:11     | Reached skill level 10 in Ranged Weapons
 10153 | D:12     | Noticed Erolcha
 10155 | D:12     | Killed Erolcha
 10163 | D:12     | Found Vaov's Blood Bar.
 10453 | D:1      | Bought a scroll labelled BEWUOM ZUCW for 20 gold pieces
 10453 | D:1      | Bought a pair of embroidered gloves for 150 gold pieces
 10513 | D:1      | Acquired the +2 hat of Wiat {Will+ Str+3}
 11233 | D:13     | Noticed a centaur warrior
 11235 | D:13     | Noticed a skeletal warrior
 11237 | D:13     | Killed a centaur warrior
 11237 | D:13     | Noticed a death knight
 11238 | D:13     | Noticed a phantasmal warrior
 11242 | D:13     | Killed a skeletal warrior
 11243 | D:13     | Killed a death knight
 11244 | D:13     | Reached XP level 12. HP: 46/100 MP: 23/25
 11604 | D:13     | Noticed a centaur warrior
 11605 | D:13     | Killed a centaur warrior
 11606 | D:13     | Reached skill level 11 in Ranged Weapons
 11642 | D:13     | Found a gate to the Vaults.
 11642 | D:13     | Noticed a vault guard
 11642 | D:13     | Noticed a vault guard
 11642 | D:13     | Noticed a vault guard
 11642 | D:13     | Noticed a vault guard
 11642 | D:13     | Noticed a vault guard
 12078 | D:13     | Noticed a vault guard
 12079 | D:13     | Killed a vault guard
 12080 | D:13     | Killed a vault guard
 12081 | D:13     | Killed a vault guard
 12082 | D:13     | Noticed a vault guard
 12082 | D:13     | Killed a vault guard
 12085 | D:13     | Killed a vault guard
 12085 | D:13     | Noticed a vault guard
 12086 | D:13     | Killed a vault guard
 12086 | D:13     | Engulfed by a cloud of flame

Illustrated notes

Levels and vault maps discovered:
D:1:      dpeg_arrival_tiny_k, layout_loops_corners, serial_shops, shop,
          shop_fountains, serial_bayou_pond_c
D:2:      layout_loops_ring, grunt_ministairs_14, uniq_sigmund
D:3:      minmay_chambers_of_twos, layout_loops_ring, mainiacjoe_overflow_paths,
          uniq_ijyb, uniq_jessica
D:4:      layout_loops_ring, kennysheep_little_box, makhleb_altar_promises_db,
          uniq_blork_the_orc
D:5:      layout_loops_ring, uniq_menkaure, uniq_eustachio
D:6:      layout_basic, nicolae_wu_jian_wuxing_cycle,
          nicolae_overflow_hidden_temple, mainiacjoe_overflow_surrounded_room,
          serial_shops, nicolae_diamond_shop, uniq_crazy_yiuf_cottage
D:7:      layout_loops_ring, mainiacjoe_overflow_six_doors_small,
          minmay_temple_entry_gardened_gates, minmay_misc_feat_enclosed,
          minmay_between
D:8:      layout_rooms, nicolae_dithmenos_shadow_blocks, minivault_4
D:9:      layout_small_grid, dpeg_oklobed_lair, serial_shops, kennysheep_mini,
          uniq_harold
D:10:     layout_basic, mainiacjoe_overflow_concentric_impassable, uniq_amaemon
D:11:     layout_basic, orc_0_dummy, serial_curves, eino_curves_01,
          eino_curves_04, eino_curves_01, eino_curves_04, corner_web_ring
D:12:     layout_rooms, guppyfry_shop_blood, uniq_erolcha
D:13:     layout_cave_pods, erik_vaults_2, nicolae_two_hexagons

Skill      XL: |  1  2  3  4  5  6  7  8  9 10 11 12 |
---------------+-------------------------------------+-----
Stealth        | 1 2 3 4 5 6 7 8 |  8.7
Dodging        | 2 3 4 5 6 7 8 |  8.1
Fighting       | 2 3 4 5 6 7 8 |  8.0
Ranged Weapons | 4 5 6 8 9 10 11 | 11.3
Summonings     | 2 3 4 5 6 7 |  7.1
Spellcasting   | 1 2 4 6 |  6.5

Action                   |  1- 3 |  4- 6 |  7- 9 | 10-12 || total
-------------------------+-------+-------+-------+-------++-------
 Fire: Shortbow          |    49 |   190 |   267 |       ||   506
       Triple crossbow   |       |       |    45 |   199 ||   244
Throw: Throwing net      |       |     1 |       |       ||     1
 Cast: Call Canine Famil |       |       |     7 |       ||     7
  Use: Scroll            |       |     4 |    11 |    13 ||    28
       Potion            |       |     2 |     3 |       ||     5
Armor: Leather armour    |     5 |    26 |    35 |       ||    66
       Steam dragon scal |       |       |     3 |    25 ||    28
Dodge: Dodged            |     8 |   101 |   164 |   123 ||   396

Table legend: (Time is in decaauts)
 A = Elapsed time spent in this place.
 B = Non-inter-level travel time spent in this place.
 C = Inter-level travel time spent in this place.
 D = Time resting spent in this place.
 E = Time spent auto-exploring this place.
 F = Levels seen in this place.
 G = Mean time per level.
                   A        B        C        D        E       F      G
               +--------+--------+--------+--------+--------+-----+--------+
         Total |  12391 |  10517 |   1874 |    889 |   7569 |  13 |  953.2 |
       Dungeon |  12391 |  10517 |   1874 |    889 |   7569 |  13 |  953.2 |
               +--------+--------+--------+--------+--------+-----+--------+

Top non-repeatable levels by time:
     D:2: 1320 daAuts
     D:3: 1200 daAuts
     D:6: 1186 daAuts
     D:7: 1136 daAuts
    D:11: 1056 daAuts
     D:5: 1008 daAuts
     D:1: 1004 daAuts
    D:13: 954 daAuts
    D:10: 941 daAuts
     D:4: 900 daAuts
     D:9: 664 daAuts
     D:8: 571 daAuts
    D:12: 447 daAuts
